 Dungeon Crawl Stone Soup version 0.16-a0-3855-gd2600ac (console) character file.

59947 Fusha the Fencer (level 14, -8/139 HPs)
             Began as a High Elf Warper on Jan 31, 2015.
             Was a High Priest of Okawaru.
             Mangled by a reaper
             ... wielding a +1 scythe of venom
             ... summoned by an ancient lich
              (45 damage)
             ... on level 1 of the Abyss.
             The game lasted 03:39:22 (27673 turns).

Fusha the Fencer (High Elf Warper)                 Turns: 27673, Time: 03:39:22

Health: -8/139     AC: 18    Str: 18    XL:     14   Next: 55%
Magic:  33/33      EV: 21    Int: 30    God:    Okawaru [*****.]
Gold:   2142       SH:  5    Dex: 18    Spells: 8 memorised, 11 levels left

rFire  . . .     SeeInvis .     C - +4 double sword {freeze, rElec rPois+ rN+ MR- Int+6}
rCold  . . .     Clarity  +     i - +0 leather armour of Fallacy {Int+4}
rNeg   + . .     SustAb   .     M - +0 buckler {AC+3}
rPois  +         Gourm    .     s - +2 helmet
rElec  +         Spirit   .     V - +1 cloak {rPois}
rCorr  .         Warding  .     c - +2 pair of gloves {Str+3}
rMut   .         Stasis   .     G - +0 pair of boots "Clagep Cledgh" {rPois+ Regen+ Stlth+}
MR     .....                    l - amulet of rage
Stlth  ..........               W - +3 ring of slaying
                                H - +3 ring of protection

@: berserking (expiring), lethally poisoned, very quick, not resistant to
hostile enchantments, extremely unstealthy
A: clarity
a: Heroism, Finesse, Renounce Religion, Evoke Berserk Rage


You were on level 1 of the Abyss.
You worshipped Okawaru.
Okawaru was extremely pleased with you.
You were very full.

You visited 3 branches of the dungeon, and saw 20 of its levels.
You visited the Abyss 1 time.

You collected 2198 gold pieces.
You spent 56 gold pieces at shops.

Inventory:

Hand weapons
 C - the +4 double sword "Udiomax" (weapon) {freeze, rElec rPois+ rN+ MR- Int+6}
   (You acquired it on level 7 of the Lair of Beasts)

   It has been specially enchanted to freeze those struck by it, causing extra
   injury to most foes and up to half again as much damage against particularly
   susceptible opponents.
   It can also slow down cold-blooded creatures.
   It affects your intelligence (+6).
   It insulates you from electricity.
   It protects you from poison.
   It protects you from negative energy.
   It affects your resistance to hostile enchantments.
Missiles
 e - 7 tomahawks of dispersal
 n - 12 poisoned javelins (quivered)
 O - 2 steel javelins
 R - 10 javelins of penetration
 Z - a throwing net
Armour
 c - a +2 pair of gloves of strength (worn)
 i - the +0 leather armour of Fallacy (worn) {Int+4}
   (You found it on level 5 of the Dungeon)

   It affects your intelligence (+4).
 s - a +2 helmet (worn)
 G - the +0 pair of boots "Clagep Cledgh" (worn) {rPois+ Regen+ Stlth+}
   (You found it on level 8 of the Dungeon)

   It protects you from poison.
   It increases your rate of regeneration.
   It makes you more stealthy.
 M - a +0 buckler of protection (worn)
 V - a +1 cloak of poison resistance (worn)
Jewellery
 f - an uncursed amulet of warding
 j - an uncursed amulet of faith
 l - an amulet of rage (around neck)
 r - an uncursed ring of see invisible
 w - an uncursed ring of ice
 F - an uncursed ring of ice
 H - a +3 ring of protection (left hand)
 W - a +3 ring of slaying (right hand)
Magical devices
 b - a wand of slowing (9)
 z - a wand of paralysis (2)
 A - a wand of heal wounds (6)
 U - a wand of cold (9)
 X - a wand of confusion (16)
Scrolls
 d - 8 scrolls of blinking
 k - 3 scrolls of recharging
 m - 2 scrolls of remove curse
 p - 3 scrolls of identify
 t - 2 scrolls of fog
 D - a scroll of vulnerability
 J - a scroll of fear
 N - 2 scrolls of magic mapping
 S - 3 scrolls of teleportation
Potions
 h - 5 potions of brilliance
 o - a potion of lignification
 q - a potion of agility
 u - 5 potions of curing
 v - 2 potions of heal wounds
 y - a potion of flight
 B - a potion of cancellation
 K - a potion of cure mutation
 L - 4 potions of resistance
 Q - 2 potions of haste
 T - a potion of restore abilities
 Y - 3 potions of might
Books
 x - a book of Debilitation

   Spells                             Type                      Level
   a - Corona                         Hexes                        1
   b - Slow                           Hexes                        2
   c - Inner Flame                    Hexes/Fire                   3
   d - Enslavement                    Hexes                        4
   e - Cause Fear                     Hexes                        4
   f - Leda's Liquefaction            Hexes/Earth                  4
Miscellaneous
 E - a disc of storms
Comestibles
 a - 3 bread rations
 g - 4 meat rations
 P - 5 royal jellies


   Skills:
 + Level 7.7 Fighting
 * Level 15.4 Long Blades
 * Level 13.2 Throwing
 - Level 1.0 Armour
 + Level 11.7 Dodging
 + Level 5.7 Stealth
 - Level 4.0 Shields
 + Level 9.4 Spellcasting
 - Level 2.4 Charms
 + Level 9.2 Translocations
 + Level 0.7 Invocations
 + Level 2.0 Evocations


You had 11 spell levels left.
You knew the following spells:

 Your Spells              Type           Power        Failure   Level  Hunger
a - Apportation           Tloc           ######....   1%          1    None
b - Shroud of Golubria    Chrm/Tloc      #####.....   1%          2    None
c - Blink                 Tloc           N/A          1%          2    None
d - Teleport Other        Tloc           ######..     1%          3    None
e - Portal Projectile     Tloc           ######       1%          3    None
f - Passage of Golubria   Tloc           N/A          1%          4    None
g - Spider Form           Trmt/Pois      ##........   17%         3    None
h - Slow                  Hex            ##......     10%         2    None


Dungeon Overview and Level Annotations

Branches:
Dungeon (11/15)            Temple (1/1) D:4            Lair (8/8) D:11
  Swamp (0/5) Lair:6       Spider (0/5) Lair:6        Slime (0/6) Lair:6
    Orc: D:9-12

Altars:
Ashenzari
Cheibriados
Dithmenos
Elyvilon
Fedhas
Gozag
Kikubaaqudgha
Makhleb
Nemelex Xobeh
Okawaru
Qazlal
Ru
Sif Muna
Trog
Vehumet
Xom
Yredelemnul
Zin
The Shining One
Jiyva

Shops:
D:5 ?=(   D:9 *

Annotations:
D:7 Prince Ribbit


Innate Abilities, Weirdness & Mutations

You possess an exceptional clarity of mind.


Message History

The ancient lich is moderately damaged.
You feel sick.
The ancient lich touches you but does no damage.
You barely miss the ancient lich.
The ancient lich is moderately damaged.
You slash the ancient lich! You freeze the ancient lich.
The ancient lich is moderately damaged.
The ancient lich touches you!
The reaper hits you from afar with a scythe of venom!!
* * * LOW HITPOINT WARNING * * *
You hit the ancient lich.
The ancient lich is heavily damaged.
You closely miss the ancient lich.
The ancient lich is heavily damaged.
The ancient lich completely misses you.
You completely miss the ancient lich.
The ancient lich is heavily damaged.
You feel sick.
The reaper hits you from afar with a scythe of venom!!!
You die...

#.... .
....
#..#...
......
#.........
.
#.........
.. # .....
... . .
.....#'# .
### .. .
..#.#.# #
# # #.#.#
. . #@#.#
###..L.#.#
#....2.#.#
#.#....#.
# #.?..#
#..#.#
#....#
#..?.) .##


You could see an ancient lich and a reaper.

Vanquished Creatures
  Gastronok (D:11)
  2 dire elephants (Lair:8)
  Snorg (Lair:5)
  Josephine (D:11)
  A rakshasa (Abyss:1)
  Fannar (Lair:1)
  9 hydras
  5 death yaks (Lair:7)
  A hell hog (Abyss:1)
  Nergalle (Lair:2)
  3 hill giants
  2 swamp dragons (Lair:7)
  A worldbinder (Abyss:1)
  7 black mambas
  8 elephants (Lair:7)
  An ugly thing (D:10)
  A black mamba (shapeshifter) (Abyss:1)
  3 centaur zombies
  9 spiny frogs
  5 komodo dragons
  9 starcursed masses (Abyss:1)
  4 fire drakes
  2 large abominations (Abyss:1)
  A wandering mushroom (Lair:6)
  A two-headed ogre (D:10)
  A polar bear (Lair:4)
  3 trolls
  A slime creature (Lair:7)
  A boulder beetle (Lair:8)
  10 blink frogs
  A basilisk (Lair:3)
  39 yaks
  A wyvern (D:8)
  A wraith (D:6)
  A deep elf mage (D:11)
  3 steam dragons
  10 hippogriffs
  2 hungry ghosts
  10 wolves
  A chaos spawn (Abyss:1)
  A soldier ant (D:8)
  A vampire mosquito (Lair:7)
  16 swamp worms
  11 water moccasins
  4 orc warriors
  9 porcupines
  8 spiders
  A phantom (D:5)
  2 swamp drakes
  2 ice beasts
  The ghost of 4thArraOfDagon the Skirmisher, an average MiEE (D:4)
  A black bear (Lair:3)
  2 wasps
  A boring beetle (D:8)
  3 sky beasts
  2 eyes of draining
  7 ogres
  A necrophage (D:8)
  2 big kobolds
  5 centaurs
  Duvessa (D:5)
  14 crocodiles
  A brain worm (D:8)
  7 giant frogs
  A wyvern skeleton (D:9)
  A water moccasin zombie (D:9)
  3 scorpions
  4 small abominations (Abyss:1)
  2 electric eels (Lair:4)
  4 wights (D:9)
  4 crimson imps
  A goliath beetle (D:9)
  A giant frog zombie (D:8)
  13 killer bees
  Dowan (D:5)
  5 jellies
  13 hounds
  4 orc priests
  7 centaur skeletons
  Crazy Yiuf (D:6)
  20 iguanas
  A quasit (D:5)
  4 orc wizards
  5 giant frog skeletons
  15 worker ants
  25 sheep
  A mummy (D:8)
  2 worker ant zombies
  A steam dragon zombie (D:8)
  3 gnolls
  37 river rats
  2 shadow imps (D:8)
  26 adders
  A white imp (D:4)
  8 worms
  An adder skeleton (D:4)
  An ooze (D:4)
  27 orcs
  A bat skeleton (D:7)
  4 giant cockroaches
  15 goblins
  15 hobgoblins
  32 kobolds
  15 quokkas
  A ball python (D:3)
  A ball python skeleton (D:5)
  15 bats
  2 giant newts
  A giant spore (D:11)
  14 jackals
  14 rats
  A ballistomycete (D:11)
  A fungus (D:6)
  4 plants
649 creatures vanquished.

Vanquished Creatures (collateral kills)
  An orc wizard (D:10)
1 creature vanquished.

Vanquished Creatures (others)
  A swamp worm (Lair:7)
  An iron imp (Abyss:1)
  A hobgoblin (D:10)
  A bush (Lair:7)
  10 fungi
  6 plants
  6 starspawn tentacles (Abyss:1)
  54 starspawn tentacle segments (Abyss:1)
80 creatures vanquished.

Grand Total: 730 creatures vanquished

Notes
Turn   | Place    | Note
--------------------------------------------------------------
     0 | D:1      | Fusha, the High Elf Warper, began the quest for the Orb.
     0 | D:1      | Reached XP level 1. HP: 14/14 MP: 4/4
   175 | D:1      | Reached skill level 1 in Armour
   196 | D:1      | Reached XP level 2. HP: 16/19 MP: 6/6
   200 | D:1      | Learned a level 2 spell: Shroud of Golubria
   953 | D:2      | Reached skill level 4 in Translocations
   953 | D:2      | Reached XP level 3. HP: 18/24 MP: 5/8
   972 | D:2      | Learned a level 2 spell: Blink
  2631 | D:3      | Reached XP level 4. HP: 25/29 MP: 11/11
  2636 | D:3      | Learned a level 3 spell: Teleport Other
  2916 | D:3      | Gained mutation: You possess an exceptional clarity of mind. [potion of beneficial mutation]
  3224 | D:4      | Reached skill level 1 in Charms
  3260 | D:4      | Found a sacrificial altar of Ru.
  3367 | D:4      | Reached XP level 5. HP: 11/35 MP: 6/12
  3377 | D:4      | Noticed 4thArraOfDagon's ghost (average MiEE)
  3517 | D:5      | Entered Level 5 of the Dungeon
  3787 | D:5      | Noticed a sky beast
  3810 | D:5      | Found an ancient bone altar of Kikubaaqudgha.
  3990 | D:5      | Noticed Dowan
  3991 | D:5      | Noticed Duvessa
  3993 | D:5      | Noticed an ice beast
  4332 | D:6      | Noticed an ice beast
  4442 | D:5      | Reached XP level 6. HP: 18/41 MP: 13/17
  4447 | D:5      | Found Smiturr's Magic Scroll Shoppe.
  4450 | D:5      | Bought a scroll of identify for 28 gold pieces
  4450 | D:5      | Bought a scroll of identify for 28 gold pieces
  4738 | D:4      | Found a staircase to the Ecumenical Temple.
  5073 | D:4      | Killed 4thArraOfDagon's ghost
  5073 | D:4      | Reached skill level 1 in Stealth
  5078 | Temple   | Entered the Ecumenical Temple
  5135 | Temple   | Became a worshipper of Warmaster Okawaru
  5399 | D:4      | Found a sparkling altar of Nemelex Xobeh.
  5401 | D:4      | Found a glowing silver altar of Zin.
  5412 | D:4      | Found a blossoming altar of Fedhas.
  5501 | D:4      | Learned a level 3 spell: Portal Projectile
  5876 | D:5      | Reached XP level 7. HP: 40/45 MP: 17/19
  6362 | D:5      | Got an encrusted leather armour
  6373 | D:5      | Identified the +0 leather armour of Fallacy {Int+4} (You found it on level 5 of the Dungeon)
  6433 | D:5      | Found Ockafei's Weapon Boutique.
  6606 | D:5      | Reached skill level 5 in Dodging
  6732 | D:5      | Found Preczeipn's Jewellery Boutique.
  6791 | D:5      | Killed Dowan
  6840 | D:6      | Killed an ice beast
  6840 | D:6      | Acquired Okawaru's first power
  6840 | D:6      | Reached skill level 5 in Long Blades
  6877 | D:6      | Killed a sky beast
  7053 | D:5      | Killed Duvessa
  7053 | D:5      | Reached XP level 8. HP: 47/52 MP: 17/21
  7169 | D:6      | Noticed Prince Ribbit
  7267 | D:4      | Killed an ice beast
  7397 | D:6      | Noticed Crazy Yiuf
  7411 | D:6      | Killed Crazy Yiuf
  7411 | D:6      | Reached skill level 6 in Long Blades
  7557 | D:6      | Noticed an orc warrior
  7776 | D:6      | Noticed an ogre
  7785 | D:6      | Killed an ogre
  7785 | D:6      | Reached skill level 5 in Translocations
  7815 | D:6      | Noticed a water moccasin
  7830 | D:6      | Killed a water moccasin
  8060 | D:6      | Noticed a yak
  8114 | D:6      | Killed a yak
  8114 | D:6      | Reached skill level 5 in Throwing
  8271 | D:6      | Noticed a wraith
  8305 | D:6      | Killed a wraith
  8305 | D:6      | Reached skill level 5 in Spellcasting
  8678 | D:7      | Found a snail-covered altar of Cheibriados.
  9202 | D:7      | Reached XP level 9. HP: 57/57 MP: 18/24
  9649 | D:7      | Found a snail-covered altar of Cheibriados.
  9649 | D:7      | Found a shattered altar of Ashenzari.
 10613 | D:7      | Reached skill level 7 in Long Blades
 11216 | D:8      | Got a pair of slimy boots
 11222 | D:8      | Identified the +0 pair of boots "Clagep Cledgh" {rPois+ Regen+ Stlth+} (You found it on level 8 of the Dungeon)
 11248 | D:8      | Noticed a hill giant
 11298 | D:8      | Killed a hill giant
 12144 | D:8      | Reached XP level 10. HP: 54/63 MP: 27/27
 12848 | D:8      | Reached skill level 8 in Long Blades
 13191 | D:8      | Reached skill level 1 in Shields
 13287 | D:8      | Acquired Okawaru's second power
 13386 | D:8      | Killed an orc warrior
 13549 | D:8      | Received a gift from Okawaru
 13825 | D:9      | Received a gift from Okawaru
 14016 | D:9      | Found Zoqom's Elemental Accessories.
 14046 | D:9      | Reached skill level 9 in Long Blades
 14119 | D:9      | Learned a level 4 spell: Passage of Golubria
 14539 | D:10     | Entered Level 10 of the Dungeon
 14751 | D:10     | Noticed a hill giant
 14915 | D:10     | Killed a hill giant
 14915 | D:10     | Received a gift from Okawaru
 15112 | D:10     | Reached XP level 11. HP: 66/70 MP: 25/28
 15172 | D:10     | Noticed a hill giant
 15217 | D:10     | Killed a hill giant
 15328 | D:10     | Received a gift from Okawaru
 15802 | D:10     | Received a gift from Okawaru
 15869 | D:11     | Reached skill level 10 in Long Blades
 15919 | D:11     | Received a gift from Okawaru
 16037 | D:11     | Noticed a six-headed hydra
 16164 | D:11     | Found a staircase to the Lair.
 16191 | D:11     | Received a gift from Okawaru
 16635 | D:11     | Received a gift from Okawaru
 16744 | D:11     | Noticed Gastronok
 16884 | D:11     | Killed Gastronok
 16884 | D:11     | Reached skill level 10 in Throwing
 17104 | D:11     | Reached skill level 11 in Long Blades
 17164 | D:11     | Killed a six-headed hydra
 17164 | D:11     | Reached skill level 1 in Evocations
 17237 | D:11     | Noticed Josephine
 17243 | D:11     | Killed Josephine
 17503 | Lair:1   | Entered Level 1 of the Lair of Beasts
 17552 | Lair:1   | Noticed a six-headed hydra
 17558 | Lair:1   | Killed a six-headed hydra
 17558 | Lair:1   | Reached XP level 12. HP: 76/76 MP: 23/30
 17640 | Lair:1   | Got a bronze scale mail
 17651 | Lair:1   | Identified the +5 scale mail of the Leaf {rC- rCorr Int-4 Dex+3 SInv} (You found it on level 1 of the Lair of Beasts)
 17761 | Lair:1   | Reached skill level 5 in Fighting
 17954 | Lair:1   | Noticed Fannar
 17969 | Lair:1   | Killed Fannar
 18368 | Lair:2   | Noticed Nergalle
 18382 | Lair:2   | Killed Nergalle
 18382 | Lair:2   | Received a gift from Okawaru
 18660 | Lair:2   | Received a gift from Okawaru
 18664 | Lair:2   | Got an ancient ring mail {god gift}
 18675 | Lair:2   | Identified the -10 ring mail of Taarulya {rElec} (Okawaru gifted it to you on level 2 of the Lair of Beasts)
 18933 | Lair:2   | Noticed a four-headed hydra
 18938 | Lair:2   | Killed a four-headed hydra
 19011 | Lair:2   | Reached skill level 12 in Long Blades
 20513 | Lair:3   | Reached skill level 10 in Dodging
 21047 | Lair:4   | Received a gift from Okawaru
 21062 | Lair:4   | Got a pair of faintly humming boots {god gift}
 21073 | Lair:4   | Identified the -3 pair of boots "Haojibo" {Int+4} (Okawaru gifted it to you on level 4 of the Lair of Beasts)
 21367 | Lair:4   | Reached XP level 13. HP: 83/83 MP: 29/31
 21919 | Lair:5   | Noticed Snorg
 21947 | Lair:5   | Killed Snorg
 21947 | Lair:5   | Reached skill level 13 in Long Blades
 22791 | Lair:6   | Found a staircase to the Slime Pits.
 22796 | Lair:6   | Found a viscous altar of Jiyva.
 22989 | Lair:6   | Found a hole to the Spider Nest.
 23054 | Lair:6   | Received a gift from Okawaru
 23302 | Lair:6   | Received a gift from Okawaru
 24077 | Lair:6   | Found a staircase to the Swamp.
 24701 | Lair:7   | Reached skill level 5 in Stealth
 24787 | Lair:7   | Reached skill level 14 in Long Blades
 25200 | Lair:7   | Identified a scroll of acquirement
 25201 | Lair:7   | Got an ancient double sword
 25202 | Lair:7   | Identified the +4 double sword "Udiomax" {freeze, rElec rPois+ rN+ MR- Int+6} (You acquired it on level 7 of the Lair of Beasts)
 25289 | Lair:7   | Received a gift from Okawaru
 25476 | Lair:7   | Reached XP level 14. HP: 92/92 MP: 33/33
 25956 | Lair:8   | Entered Level 8 of the Lair of Beasts
 25965 | Lair:8   | Received a gift from Okawaru
 26161 | Lair:8   | Learned a level 3 spell: Spider Form
 26733 | Lair:8   | Reached skill level 15 in Long Blades
 26909 | Lair:8   | Cast into the Abyss (a wizard)
 26941 | Abyss:1  | Found a deep blue altar of Sif Muna.
 27135 | Abyss:1  | Noticed a tentacled starspawn
 27295 | Abyss:1  | Noticed a cacodemon
 27351 | Abyss:1  | Noticed an ancient lich
 27612 | Abyss:1  | Learned a level 2 spell: Slow
 27631 | Abyss:1  | Noticed a bone dragon
 27650 | Abyss:1  | Noticed an ancient lich
 27673 | Abyss:1  | Mangled by a reaper

Action                   |  1- 3 |  4- 6 |  7- 9 | 10-12 | 13-15 || total
-------------------------+-------+-------+-------+-------+-------++-------
Melee: Falchion          |   130 |   394 |   706 |  1454 |   543 ||  3227
       Double sword      |       |       |       |       |   354 ||   354
 Fire: Blowgun           |       |       |    79 |   134 |       ||   213
Throw: Tomahawk          |       |    53 |    77 |    21 |       ||   151
       Javelin           |       |     9 |    36 |    56 |    49 ||   150
 Cast: Shroud of Golubri |     9 |    27 |    53 |   100 |    67 ||   256
       Blink             |       |     9 |    33 |    29 |    13 ||    84
       Teleport Other    |       |     2 |    10 |       |       ||    12
       Portal Projectile |       |       |    23 |    15 |     9 ||    47
       Passage of Golubr |       |       |       |     1 |       ||     1
Invok: Heroism           |       |       |     1 |       |       ||     1
 Abil: Evoke Berserk Rag |       |       |       |       |     1 ||     1
Evoke: Wand              |       |       |       |    24 |     6 ||    30
  Use: Scroll            |       |     5 |     4 |    26 |     8 ||    43
       Potion            |       |     2 |     1 |     1 |       ||     4
 Stab: Sleeping          |       |     1 |     3 |    20 |    11 ||    35
       Distracted        |       |       |     1 |       |     2 ||     3
       Confused          |       |       |       |     2 |     2 ||     4
       Paralysed         |       |       |       |       |     7 ||     7
  Eat: Meat ration       |     1 |     1 |     1 |       |       ||     3
       Pizza             |     1 |       |       |       |     1 ||     2
       Beef jerky        |       |     1 |       |     6 |     3 ||    10
       Bread ration      |       |     2 |     3 |     3 |     1 ||     9
       Chunk             |       |       |     2 |     4 |       ||     6
       Fruit             |       |       |     1 |     8 |     4 ||    13
       Royal jelly       |       |       |       |       |     5 ||     5
